 Dungeon Crawl Stone Soup version 0.22.1-2-g9c5b331 (webtiles) character file.

34846 tognito the Executioner (level 13, -6/95 HPs)
             Began as a Minotaur Berserker on Dec 29, 2018.
             Was a High Priest of Trog.
             Shot with an arrow by a centaur warrior (14 damage)
             ... on level 14 of the Dungeon on Dec 30, 2018.
             The game lasted 00:46:49 (15101 turns).

tognito the Executioner (Minotaur Berserker)       Turns: 15101, Time: 00:46:51

Health: -6/95      AC: 19    Str: 26    XL:     13   Next: 44%
Magic:  0/12       EV: 10    Int:  4    God:    Trog [*****.]
Gold:   657        SH:  0    Dex:  9    Spells: 12/12 levels left

rFire    + . .     SeeInvis +   a - +5 battleaxe
rCold    . . .     Gourm    .   (shield currently unavailable)
rNeg     . . .     Faith    .   k - +0 plate armour
rPois    .         Spirit   +   A - +2 hat {SInv}
rElec    .         Reflect  .   I - +0 cloak
rCorr    .         Harm     .   r - +0 pair of gloves of Kifiukk {rF+}
MR       .....                  w - +0 pair of boots
Stlth    ..........             e - amulet of guardian spirit
HPRegen  0.25/turn              h - +4 ring of protection
MPRegen  0.13/turn              B - +3 ring of evasion

@: berserk cooldown, slowed, drained, very slow
A: retaliatory headbutt, horns 2, clumsy 1, mutation resistance 1, subdued magic
1
a: Berserk, Trog's Hand, Brothers in Arms, Renounce Religion


You were on level 14 of the Dungeon.
You worshipped Trog.
Trog was extremely pleased with you.
You were hungry.

You visited 1 branch of the dungeon, and saw 14 of its levels.
You visited the Abyss 1 time.
You also visited: Sewer.

You collected 839 gold pieces.
You spent 182 gold pieces at shops.

Inventory:

Hand Weapons
 a - a +5 battleaxe (weapon)
 b - a +4 longbow of freezing
 H - a +0 hand crossbow
 K - a +1 battleaxe of electrocution
 Q - a +2 antimagic executioner's axe
Missiles
 j - 468 arrows
 t - 75 bolts
Armour
 k - a +0 plate armour (worn)
 r - the +0 pair of gloves of Kifiukk (worn) {rF+}
   (You found it in a sewer)

   It protects you from fire.
 w - a +0 pair of boots (worn)
 A - a +2 hat of see invisible (worn)
 I - a +0 cloak (worn)
Jewellery
 d - an uncursed ring of poison resistance
 e - an amulet of guardian spirit (around neck)
 h - a +4 ring of protection (left hand)
 B - a +3 ring of evasion (right hand)
 G - a +5 ring of dexterity
Wands
 f - a wand of clouds (6)
 p - a wand of paralysis (13)
 u - a wand of acid (6)
 y - a wand of enslavement (5)
 D - a wand of flame (29)
 F - a wand of digging (26)
 L - a wand of disintegration (12)
 S - a wand of polymorph (13)
Scrolls
 g - 4 scrolls of identify
 i - 4 scrolls of amnesia {unknown}
 m - 6 scrolls of teleportation
 o - 2 scrolls of enchant armour {unknown}
 q - 4 scrolls of remove curse
 s - 4 scrolls of blinking
 v - 2 scrolls of fear {unknown}
 z - a scroll of summoning {unknown}
 E - 6 scrolls of enchant weapon {unknown}
 M - 2 scrolls of magic mapping {unknown}
 O - 3 scrolls of noise {unknown}
Potions
 l - a potion of heal wounds
 n - 12 potions of curing
 x - 2 potions of haste
 C - 3 potions of brilliance
 J - 3 potions of flight
 N - 2 potions of magic
 P - 4 potions of cancellation
Miscellaneous
 T - a fan of gales
Comestibles
 c - 21 rations
 R - 5 chunks of flesh


   Skills:
 - Level 3.6(2.9) Fighting
 + Level 23.8(22.6) Axes
 - Level 4.2(3.4) Bows
 + Level 2.3(1.6) Crossbows
 - Level 2.4(1.7) Armour
 - Level 2.1(1.5) Dodging


You had 12 spell levels left.
You didn't know any spells.
Your spell library was empty.

Dungeon Overview and Level Annotations

Branches:
Dungeon (14/15)            Temple (0/1) D:5            Lair (0/6) D:10
    Orc (0/2) D:9
 Vaults: D:13-14

Altars:
Ashenzari
Dithmenos
Elyvilon
Fedhas
Hepliaklqana
Makhleb
Nemelex Xobeh
Wu Jian
Yredelemnul
Zin

Shops:
D:6 *   D:9 [   D:10 *

Annotations:
D:14 Louise


Innate Abilities, Weirdness & Mutations

You reflexively headbutt those who attack you in melee.
You have a pair of horns on your head.
You are clumsy. (Dex -2)
You are somewhat resistant to further mutation.
Your spells are a little easier to cast, but a little less powerful.


Message History

Louise blocks your attack.
Louise is severely wounded.
You are no longer berserk.
You are exhausted.
You feel yourself slow down.
The centaur warrior shoots an arrow.
The arrow closely misses you.
You closely miss Louise. You headbutt Louise, but do no damage.
Louise is severely wounded.
The centaur warrior shoots an arrow.
The arrow hits you!
* * * LOW HITPOINT WARNING * * *
Louise mumbles some strange words.
Louise blinks!
You slice the eye of draining!! You headbutt the eye of draining.
The eye of draining is almost dead.
Louise blocks your attack.
An ice beast comes into view.
Louise points at you and mumbles some strange words.
You resist with significant effort.
The centaur warrior shoots an arrow.
The arrow hits you!
You die...

###.### ##.....#
#...... #......
#..... #....# #..c.##
######+
###.###.@[#####......
......G@.†......#
####.##..$####..#
........# #..# #
##.#...# #..########
#.#...# #.........# #
.#.## #.#######.#
....# #.# #...#
##Y..# #.# #.###
#.#####.#


You could see Louise, a centaur warrior, an eye of draining and an ice beast
(wandering).

Vanquished Creatures
  Gastronok (D:9)
  Snorg (D:14)
  Josephine (D:11)
  A fire dragon (D:14)
  Harold (D:7)
  The ghost of TheAlmogaver the Thaumaturge, a journeyman GnWz of Ashenzari (D:11)
  A hydra (D:12)
  A centaur warrior (D:13)
  A death yak (D:10)
  4 two-headed ogres
  3 hell hogs (Abyss:1)
  4 skeletal warriors (D:12)
  An unseen horror (D:9)
  A deep elf mage (D:12)
  Pikel (D:6)
  2 manticores (D:13)
  A cyclops (D:14)
  3 ugly things
  Joseph (D:7)
  Psyche (D:9)
  Maurice (D:10)
  A gargoyle (D:13)
  A polar bear (shapeshifter) (D:13)
  A troll (D:9)
  Grinder (D:4)
  5 hippogriffs
  The ghost of Goblin1989 the Covert, an amateur OpAs of Ru (D:4)
  A ynoxinul (Abyss:1)
  A shadow (D:13)
  A vampire (D:13)
  A wyvern (D:14)
  22 yaks
  Eustachio (D:4)
  A water elemental (D:12)
  3 wraiths (D:11)
  2 hungry ghosts
  A basilisk (D:10)
  3 vampire mosquitoes (D:12)
  2 neqoxecs (D:11)
  A soldier ant (D:13)
  A water moccasin (D:5)
  6 orc warriors
  3 sky beasts
  2 black bears
  2 slaves (D:6)
  An ice beast (D:12)
  2 ogres
  A phantom (D:11)
  A boggart (D:12)
  17 centaurs
  A crocodile (D:10)
  A big kobold (D:12)
  3 bullfrogs
  4 scorpions
  2 water moccasin zombies
  A water moccasin skeleton (D:7)
  12 killer bees
  4 wights (D:8)
  10 electric eels
  3 howler monkeys
  6 crimson imps
  2 jellies
  4 centaur zombies
  8 orc priests
  Crazy Yiuf (D:7)
  2 centaur skeletons
  9 hounds
  9 orc wizards
  A bullfrog skeleton (D:12)
  3 bullfrog zombies
  Terence (D:3)
  An iguana (D:10)
  11 worker ants
  A small abomination (Abyss:1)
  A hound zombie (D:6)
  A worker ant zombie (D:11)
  4 gnolls (D:5)
  15 adders
  4 shadow imps
  6 oozes
  6 worms
  2 dart slugs (D:1)
  18 leopard geckos
  44 orcs
  3 ball pythons
  15 bats
  11 giant cockroaches
  7 goblins
  9 hobgoblins
  24 jackals
  4 quokkas
  6 frilled lizards
  A giant cockroach zombie (D:6)
  2 gnoll zombies (D:3)
  A jackal zombie (D:4)
  12 kobolds
  A leopard gecko zombie (D:5)
  3 quokka zombies
  7 rats
425 creatures vanquished.

Vanquished Creatures (collateral kills)
  3 ugly things (D:11)
  A yaktaur (shapeshifter) (D:11)
  A jumping spider (shapeshifter) (D:11)
  6 electric eels (D:12)
  A hound (D:5)
  A jelly (D:5)
  An orc wizard (D:5)
  A bullfrog skeleton (D:5)
  2 orcs (D:5)
17 creatures vanquished.

Vanquished Creatures (others)
  A hell hog (Abyss:1)
  A slave (D:6)
  An orc (D:10)
  A giant cockroach (D:6)
4 creatures vanquished.

Grand Total: 446 creatures vanquished

Notes
Turn   | Place    | Note
-------+----------+-------------------------------------------
     0 | D:1      | tognito the Minotaur Berserker began the quest for the Orb.
     0 | D:1      | Reached XP level 1. HP: 19/19 MP: 0/0
    13 | D:1      | Reached skill level 4 in Axes
    49 | D:1      | Reached XP level 2. HP: 24/26 MP: 1/1
   281 | D:1      | Reached skill level 5 in Axes
   382 | D:1      | Reached XP level 3. HP: 31/31 MP: 2/2
   964 | D:2      | Reached ** piety under Trog
  1089 | D:2      | Reached XP level 4. HP: 39/39 MP: 3/3
  1091 | D:2      | Reached skill level 6 in Axes
  1767 | D:3      | Reached *** piety under Trog
  1877 | D:3      | Reached XP level 5. HP: 45/45 MP: 4/4
  1883 | D:3      | Reached skill level 7 in Axes
  1929 | D:3      | Found a glowing drain.
  1942 | Sewer    | Entered a sewer
  2388 | Sewer    | Got a pair of transparent gloves
  2583 | D:3      | Identified the cursed +0 pair of gloves of Kifiukk {rF+}
                  | (You found it in a sewer)
  2585 | D:3      | Gained mutation: Your spells are a little easier to cast,
                  | but a little less powerful. [potion of mutation]
  2585 | D:3      | Gained mutation: You are clumsy. (Dex -2) [potion of
                  | mutation]
  2585 | D:3      | Gained mutation: You are somewhat resistant to further
                  | mutation. [potion of mutation]
  2610 | D:3      | Reached skill level 8 in Axes
  2796 | D:3      | Reached **** piety under Trog
  2852 | D:3      | Noticed Terence
  2861 | D:3      | Killed Terence
  2861 | D:3      | Reached XP level 6. HP: 51/51 MP: 5/5
  2954 | D:3      | Found a basalt altar of Yredelemnul.
  3189 | D:4      | Noticed Eustachio
  3276 | D:4      | Killed Eustachio
  3276 | D:4      | Reached skill level 9 in Axes
  3477 | D:4      | Found a shadowy altar of Dithmenos.
  3610 | D:4      | Noticed Grinder
  3702 | D:4      | Reached XP level 7. HP: 22/57 MP: 2/6
  4090 | D:4      | Found a runed gate.
  4091 | D:4      | Found a runed gate.
  4091 | D:4      | Found a runed gate.
  4093 | D:4      | Noticed Goblin1989's ghost (amateur OpAs)
  4283 | D:4      | Killed Grinder
  4283 | D:4      | Reached skill level 10 in Axes
  4414 | D:4      | Killed Goblin1989's ghost
  4414 | D:4      | Reached skill level 11 in Axes
  4471 | D:5      | Entered Level 5 of the Dungeon
  4491 | D:5      | Received a gift from Trog
  4491 | D:5      | Reached XP level 8. HP: 62/64 MP: 7/7
  4503 | D:5      | Found a staircase to the Ecumenical Temple.
  4538 | D:5      | Reached skill level 12 in Axes
  5244 | D:6      | Reached skill level 13 in Axes
  5246 | D:6      | Noticed Pikel
  5258 | D:6      | Killed Pikel
  5258 | D:6      | Reached XP level 9. HP: 70/70 MP: 6/8
  5323 | D:6      | Reached skill level 14 in Axes
  5443 | D:6      | Reached ***** piety under Trog
  5819 | D:6      | Found a burning altar of Makhleb.
  5906 | D:6      | Found Qagg's Assorted Antiques.
  5916 | D:6      | Bought a glowing hat for 182 gold pieces
  6059 | D:7      | Reached skill level 15 in Axes
  6108 | D:7      | Received a gift from Trog
  6161 | D:7      | Noticed Harold
  6177 | D:7      | Killed Harold
  6177 | D:7      | Reached skill level 16 in Axes
  6448 | D:7      | Noticed Joseph
  6464 | D:7      | Killed Joseph
  6464 | D:7      | Reached XP level 10. HP: 68/77 MP: 7/9
  6820 | D:7      | Found a runed door.
  6824 | D:7      | Noticed Crazy Yiuf
  6827 | D:7      | Killed Crazy Yiuf
  6910 | D:8      | Found a blossoming altar of Fedhas.
  6994 | D:8      | Reached skill level 1 in Bows
  7199 | D:8      | Found a shattered altar of Ashenzari.
  7295 | D:8      | Noticed a two-headed ogre
  7306 | D:8      | Killed a two-headed ogre
  7306 | D:8      | Reached skill level 17 in Axes
  7825 | D:9      | Found a glowing silver altar of Zin.
  9099 | D:9      | Found a staircase to the Orcish Mines.
  9120 | D:9      | Noticed Psyche
  9126 | D:9      | Cast into level 1 of the Abyss (Psyche)
  9142 | Abyss:1  | Noticed a hell hog
  9146 | Abyss:1  | Noticed a hell hog
  9147 | Abyss:1  | Noticed a hell hog
  9152 | Abyss:1  | Noticed a hell hog
  9153 | Abyss:1  | Killed a hell hog
  9153 | Abyss:1  | Reached skill level 18 in Axes
  9157 | Abyss:1  | Killed a hell hog
  9159 | Abyss:1  | Killed a hell hog
  9159 | Abyss:1  | Reached XP level 11. HP: 10/82 MP: 1/10
  9160 | Abyss:1  | HP: 3/82 [hell hog/fireball (8)]
  9160 | Abyss:1  | Killed a hell hog
  9175 | D:9      | Escaped the Abyss
  9185 | D:9      | Killed Psyche
  9504 | D:9      | Found Pewiump's Antique Armour Boutique.
  9683 | D:9      | Found a sparkling altar of Nemelex Xobeh.
  9686 | D:9      | Found an ornate altar of the Wu Jian Council.
  9782 | D:9      | Noticed Gastronok
  9792 | D:9      | Killed Gastronok
  9792 | D:9      | Received a gift from Trog
  9792 | D:9      | Reached skill level 19 in Axes
  9947 | D:9      | Noticed an unseen horror
  9960 | D:9      | Killed an unseen horror
 10068 | D:10     | Entered Level 10 of the Dungeon
 10159 | D:10     | Found Koblyix's Demolitions Depot.
 10175 | D:10     | Found a white marble altar of Elyvilon.
 10233 | D:10     | Found a staircase to the Lair.
 10241 | D:10     | Noticed Maurice
 10264 | D:10     | Killed Maurice
 10264 | D:10     | Received a gift from Trog
 10563 | D:10     | Noticed a death yak
 10565 | D:10     | Reached skill level 20 in Axes
 10580 | D:10     | Killed a death yak
 11141 | D:9      | Found a hazy altar of Hepliaklqana.
 11366 | D:11     | Found a runed gate.
 11366 | D:11     | Found a runed gate.
 11366 | D:11     | Found a runed gate.
 11366 | D:11     | Noticed a brown ugly thing
 11366 | D:11     | Noticed a purple ugly thing
 11366 | D:11     | Noticed a red ugly thing
 11366 | D:11     | Noticed a white ugly thing
 11367 | D:11     | Noticed a white ugly thing
 11592 | D:11     | Reached XP level 12. HP: 90/90 MP: 11/11
 11592 | D:11     | Noticed Josephine
 11602 | D:11     | Killed Josephine
 11610 | D:11     | Reached skill level 1 in Crossbows
 11794 | D:11     | Reached skill level 21 in Axes
 11805 | D:11     | Found a runed gate.
 11805 | D:11     | Found a runed gate.
 11809 | D:11     | Found a runed gate.
 11811 | D:11     | Noticed TheAlmogaver's ghost (journeyman GnWz)
 11836 | D:11     | Killed TheAlmogaver's ghost
 11950 | D:12     | Noticed a six-headed hydra
 11954 | D:12     | Killed a six-headed hydra
 12222 | D:12     | Noticed a two-headed ogre
 12233 | D:12     | Killed a two-headed ogre
 12233 | D:12     | Reached skill level 22 in Axes
 12610 | D:12     | Received a gift from Trog
 13938 | D:13     | Reached XP level 13. HP: 87/95 MP: 9/12
 14000 | D:13     | Reached skill level 23 in Axes
 14811 | D:14     | Received a gift from Trog
 14846 | D:14     | Noticed Snorg
 14856 | D:14     | Killed Snorg
 15069 | D:14     | Noticed a fire dragon
 15070 | D:14     | Noticed Louise
 15084 | D:14     | Killed a fire dragon
 15101 | D:14     | Shot with an arrow by a centaur warrior

Skill      XL: |  1  2  3  4  5  6  7  8  9 10 11 12 13 |
---------------+----------------------------------------+-----
Axes           | 4 5 6 8 9 11 13 16 18 20 22 23 | 23.8
Bows           | 4 |  4.2
Crossbows      | 2 |  2.3
Fighting       | |  3.6
Armour         | |  2.4
Dodging        | |  2.1

Action                   |  1- 3 |  4- 6 |  7- 9 | 10-12 | 13-15 || total
-------------------------+-------+-------+-------+-------+-------++-------
Melee: Hand axe          |    74 |   257 |   163 |       |       ||   494
       Headbutt          |    12 |    27 |    42 |    70 |    28 ||   179
       War axe           |       |       |    84 |       |       ||    84
       Battleaxe         |       |       |    19 |   464 |    96 ||   579
       Executioner's axe |       |       |       |       |    20 ||    20
 Fire: Shortbow          |       |       |       |   120 |       ||   120
       Longbow           |       |       |       |    68 |    28 ||    96
       Hand crossbow     |       |       |       |     2 |       ||     2
Invok: Berserk           |       |     1 |     3 |     2 |     1 ||     7
       Brothers in Arms  |       |       |     1 |     2 |       ||     3
       Trog's Hand       |       |       |       |     1 |       ||     1
  Use: Potion            |     2 |     6 |     3 |     3 |       ||    14
       Scroll            |       |       |     5 |     8 |     1 ||    14
  Eat: Chunk             |     1 |    10 |    11 |    28 |     4 ||    54
       Ration            |       |       |       |     1 |       ||     1
Armor: Animal skin       |     3 |       |       |       |       ||     3
       Scale mail        |    30 |   189 |     1 |       |       ||   220
       Plate armour      |       |       |   146 |   222 |    79 ||   447
Dodge: Dodged            |    42 |   194 |   111 |   223 |    64 ||   634
